 Dungeon Crawl Stone Soup version 0.22-a0-617-g6d95e9e505 (webtiles) character file.

4 Hercules1031 the Magician (level 1, -2/13 HPs)
             Began as a Demonspawn Wizard on July 12, 2018.
             Slain by an adder (3 damage)
             ... on level 2 of the Dungeon.
             The game lasted 00:03:34 (540 turns).

Hercules1031 the Magician (Demonspawn Wizard)        Turns: 540, Time: 00:03:34

Health: -2/13      AC:  3    Str:  7    XL:     1   Next: 58%
Magic:  0/4        EV: 17    Int: 19    God:
Gold:   44         SH:  4    Dex: 21    Spells: 5/6 levels left

rFire    . . .     SeeInvis .   o - +0 spear
rCold    . . .     Gourm    .   j - +0 buckler
rNeg     . . .     Faith    .   a - +0 robe
rPois    .         Spirit   .   b - +0 hat
rElec    .         Reflect  .   g - +0 cloak
rCorr    .         Harm     .   (no gloves)
MR       .....     Clarity  +   (no boots) Stlth +++.......Rnd*Tele +
                                (no amulet)
HPRegen  0.04/turn              h - +5 ring of dexterity
MPRegen  0.09/turn              (no ring)

@: agile, lethally poisoned (-2 -> -8)
A: clarity, teleportitis 1, sturdy frame 1
a: no special abilities


You were on level 2 of the Dungeon.
You were not hungry.

You visited 1 branch of the dungeon, and saw 2 of its levels.

You collected 44 gold pieces.

Inventory:

Hand Weapons
 o - a +0 spear (weapon)
Armour
 a - a +0 robe (worn)
 b - a +0 hat (worn)
 g - a +0 cloak (worn)
 j - a +0 buckler (worn)
Jewellery
 h - a +5 ring of dexterity (left hand)
 p - a +3 amulet of reflection {unknown}
Scrolls
 c - 2 scrolls of teleportation {unknown}
 e - a scroll of identify
 f - a scroll of fear {unknown}
 i - 2 scrolls of remove curse {unknown}
 l - a scroll of blinking {unknown}
 n - 2 scrolls of enchant weapon {unknown}
Potions
 k - a potion of agility
Comestibles
 d - a ration


   Skills:
 + Level 1.9 Dodging
 - Level 1.7 Stealth
 * Level 0.1 Shields
 * Level 3.1 Spellcasting
 + Level 1.1 Conjurations
   Level 1.0 Summonings
   Level 0.8 Translocations


You had 5 spell levels left.
You knew the following spells:

 Your Spells              Type           Power        Failure   Level  Hunger
a - Magic Dart            Conj           #...         16%         1    None

Your spell library contained the following spells:

 Spells                   Type           Power        Failure   Level  Hunger
 Conjure Flame            Conj/Fire      #.......     50%         3    ###....
 Slow                     Hex            #.......     36%         2    ##.....
 Mephitic Cloud           Conj/Pois/Air  #.......     54%         3    ###....
 Blink                    Tloc           N/A          26%         2    ##.....
 Call Imp                 Summ           #.......     24%         2    ##.....


Dungeon Overview and Level Annotations

Branches:
Dungeon (2/15)

Altars:


Innate Abilities, Weirdness & Mutations

You possess an exceptional clarity of mind.
You are occasionally teleported next to monsters.
Your movements are slightly less encumbered by armour. (ER -2)


Message History

You feel sick. The adder closely misses you. The adder barely misses you.
Casting: Magic Dart (safe; 16% risk of failure)
Confirm with . or Enter, or press ? or * to list all spells.
You don't have enough magic to cast that spell.
Unknown command.
You closely miss the adder.
The adder is severely wounded.
You block the adder's attack.
It was a potion of agility.
You feel agile all of a sudden. The adder bites you but does no damage.
It was a potion of mutation.
You feel extremely strange.
Your thoughts seem clearer.
You feel weirdly uncertain.
You feel less encumbered by your armour.
* * * LOW HITPOINT WARNING * * *
You feel sick. The adder misses you. You block the adder's attack.
You hit the adder.
The adder is severely wounded.
The adder bites you.
You die...

#. #≈≈..≈..≈.$≈.
#. #≈≈..≈..≈⌠.≈.
#. #≈≈$..≈.⌠≈..≈
#. ###≈≈≈..≈..≈..≈
#. #.##≈≈≈.?≈..≈≈.
#.#.#.##.≈..≈.....
#..##.##..≈≈......
#.<.†..#..@S......
#..##.#...........
#.#.#.#.###.#..##.
#.. ...... .......
##. ##<####
.#####. #. #.# .#
#. #.. .# #. ###.
..


You could see an adder.

Vanquished Creatures
  A giant cockroach (D:1)
  A bat (D:2)
  A frilled lizard (D:1)
  A kobold (D:1)
  2 rats
6 creatures vanquished.

Notes
Turn   | Place    | Note
-------+----------+-------------------------------------------
     0 | D:1      | Hercules1031 the Demonspawn Wizard began the quest for the Orb.
     0 | D:1      | Reached XP level 1. HP: 13/13 MP: 4/4
   539 | D:2      | Gained mutation: You possess an exceptional clarity of mind. [potion of mutation]
   539 | D:2      | Gained mutation: You are occasionally teleported next to monsters. [potion of mutation]
   539 | D:2      | Gained mutation: Your movements are slightly less encumbered by armour. (ER -2) [potion of mutation]
   540 | D:2      | Slain by an adder

Vault maps used:
D:1:      scummos_arrival_forest, serial_park_tiny_pond
D:2:      cheibrodos_helix_gallery

Action                   || total
-------------------------++-------
Melee: Unarmed           ||    23
       Spear             ||    13
       Club              ||     3
 Cast: Magic Dart        ||    16
  Use: Potion            ||     2
       Scroll            ||     1
Armor: Robe              ||    10
Dodge: Dodged            ||    30
Block: Buckler           ||     7

Table legend:
 A = Spawn XP
 B = Non-spawn XP
 C = Spawn XP percentage of total XP
 D = Spawn monster count
 E = Non-spawn monster count
 F = Spawn count percentage of total count
 G = Total turns spent on level
                    A         B        C        D         E        F      G
               +---------+---------+-------+---------+---------+-------+---------
         Total |       0 |       7 |   0.0 |       0 |       6 |   0.0 |   540
               +---------+---------+-------+---------+---------+-------+---------
           D:1 |       0 |       5 |   0.0 |       0 |       4 |   0.0 |   511
           D:2 |       0 |       2 |   0.0 |       0 |       2 |   0.0 |    29
               +---------+---------+-------+---------+---------+-------+---------
